 Dungeon Crawl Stone Soup version 0.31-a0-819-gf6de2f5ab6 (webtiles) character file.

Game seed: 15914446354471648296

73 qw the Shooter (level 4, 0/28 HPs)
             Began as a Gargoyle Hunter on Sept 23, 2023.
             Slain by an adder zombie (2 damage)
             ... on level 2 of the Dungeon.
             The game lasted 00:00:31 (1045 turns).

qw the Shooter (Gargoyle Hunter)                    Turns: 1045, Time: 00:00:32

Health: 0/28       AC:  6    Str: 15    XL:     4   Next: 27%
Magic:  4/4        EV: 11    Int:  9    God:
Gold:   56         SH:  0    Dex: 15    Spells: 3/3 levels left

rFire   . . .        Y - +0 shortbow
rCold   . . .        (shield currently unavailable)
rNeg    + + .        c - +0 leather armour
rPois   inf          (no helmet)
rElec   +            (no cloak)
rCorr   .            (no gloves)
SInv    .            (no boots)
Will    .....        (no amulet)
Stlth   ++           e - ring of positive energy
HPRegen 0.24/turn    (no ring)
MPRegen 0.09/turn

%: no passive effects
@: no status effects
A: sickness immunity, AC +3, negative energy resistance 1, electricity
resistance, torment resistance 1, petrification resistance
a: no special abilities


You were on level 2 of the Dungeon.
You visited 1 branch of the dungeon, and saw 2 of its levels.

You collected 56 gold pieces.


Innate Abilities, Weirdness & Mutations

You are immune to sickness and miasma.
Your stone body is resilient. (AC +3)
You are immune to poison.
You resist negative energy. (rN+)
You are resistant to electric shocks. (rElec)
You are resistant to unholy torment.
You are immune to petrification.


   Skills:
 - Level 3.0 Fighting
 + Level 5.3 Ranged Weapons
 - Level 1.5 Dodging
 - Level 1.1 Stealth


You had 3 spell levels left.
You didn't know any spells.
Your spell library was empty.

Inventory:

Hand Weapons
 Y - a +0 shortbow (weapon)
Armour
 b - the +1 robe of Dishonour {rC+ Int+2}
   (You found it on level 2 of the Dungeon)

   Int+2:     It affects your intelligence (+2).
   rC+:       It protects you from cold.
 c - a +0 leather armour (worn)
Jewellery
 e - a ring of positive energy (left hand)
Scrolls
 f - a scroll of identify
Potions
 a - a potion of lignification {unknown}
 h - a potion of resistance {unknown}
 i - a potion of curing {unknown}

Dungeon Overview and Level Annotations

Branches:
Dungeon (2/15)

Altars:

Shops:
D:1 ?


Message History

The adder zombie bites you but does no damage.
You shoot an arrow.
The arrow closely misses the howler monkey zombie.
The howler monkey zombie closely misses you.
The adder zombie bites you but does no damage.
You shoot an arrow.
The arrow closely misses the howler monkey zombie.
The howler monkey zombie hits you.
The adder zombie bites you but does no damage.
The howler monkey zombie barely misses you.
You shoot an arrow.
The arrow hits the howler monkey zombie.
The howler monkey zombie is almost destroyed.
The adder zombie bites you. The howler monkey zombie hits you.
The adder zombie bites you but does no damage.
You shoot an arrow.
The arrow hits the howler monkey zombie.
The howler monkey zombie is almost destroyed.
The adder zombie bites you but does no damage.
The howler monkey zombie hits you.
You shoot an arrow.
The arrow hits the howler monkey zombie.
The howler monkey zombie is almost destroyed.
The adder zombie bites you but does no damage.
The howler monkey zombie hits you but does no damage.
You shoot an arrow.
The arrow hits the howler monkey zombie.
You destroy the howler monkey zombie!
The adder zombie misses you. The adder zombie bites you.
You shoot an arrow. The arrow hits the adder zombie.
The adder zombie is lightly damaged.
The adder zombie bites you.
You shoot an arrow. The arrow hits the adder zombie.
The adder zombie is heavily damaged.
The adder zombie bites you.
You shoot an arrow. The arrow hits the adder zombie!
The adder zombie is almost destroyed.
The adder zombie bites you but does no damage.
The adder zombie bites you.
You die...

........... ..$.......
.......... ....... ...#..
#...###.. ###.###
##........ #.........#
##.@%.# #.........#
#..Z#.# #.........###.#.#
# #...........#...# .
#..............## ...
#...........##.#...#
##.................## .#
...
#.....................#.##
#..
#........................#
.##..


You could see an adder zombie.

Vanquished Creatures
  A howler monkey zombie (D:2)
  2 adders (D:2)
  A dart slug (D:2)
  3 ball pythons (D:1)
  A bat (D:1)
  6 endoplasms (D:1)
  3 giant cockroaches (D:1)
  6 goblins (D:1)
  A hobgoblin (D:1)
  2 jackals (D:2)
  A quokka (D:1)
  3 ball python zombies (D:2)
  2 frilled lizards
  7 kobolds
  A quokka zombie (D:2)
  A rat (D:1)
41 creatures vanquished.

Notes
Turn   | Place    | Note
-------+----------+-------------------------------------------
     0 | D:1      | qw the Gargoyle Hunter began the quest for the Orb.
     0 | D:1      | Reached XP level 1. HP: 12/12 MP: 1/1
     0 | D:1      | 0 ||| qw: Version: 0.3-a-83-gcd0e7d8
     0 | D:1      | 0 ||| qw: Game counter: 1760
     0 | D:1      | 0 ||| qw: Melee chars always use a shield: true
     0 | D:1      | 0 ||| qw: God list: Okawaru
     0 | D:1      | 0 ||| qw: Allow faded altars: false
     0 | D:1      | 0 ||| qw: Do Orc after clearing Dungeon:15 true
     0 | D:1      | 0 ||| qw: Do second Lair branch before Depths: true
     0 | D:1      | 0 ||| qw: Lair rune preference: random
     0 | D:1      | 0 ||| qw: Goals: Normal
     0 | D:1      | 0 ||| PLANNING D:1-11
    97 | D:1      | Reached XP level 2. HP: 17/17 MP: 2/2
   139 | D:1      | Found Habacef's Magic Scroll Boutique.
   147 | D:1      | 147 ||| SHOPLISTING scroll of enchant weapon (75 gold, have
                  | 12).
   147 | D:1      | 147 ||| SHOPLISTING scroll of identify (20 gold, have 12).
   300 | D:1      | Reached XP level 3. HP: 18/21 MP: 3/3
   343 | D:1      | Found a faded altar of an unknown god.
   492 | D:1      | Reached skill level 5 in Ranged Weapons
   807 | D:1      | 807 ||| UPGRADING to ring of positive energy.
   808 | D:1      | 808 ||| READING scroll labelled PONOAD RUYSAI.
   809 | D:1      | 809 ||| READING 3 scrolls labelled HELITE MYPAGUY.
   810 | D:1      | 810 ||| READING scroll labelled SIUS OFFENIRABO.
   811 | D:1      | 811 ||| READING 2 scrolls of identify.
   811 | D:1      | 811 ||| IDENTIFYING fuming silvery potion
   812 | D:1      | 812 ||| DROPPING scroll of butterflies.
   813 | D:1      | 813 ||| DROPPING potion of ambrosia.
   961 | D:2      | Reached skill level 3 in Fighting
   981 | D:2      | Identified the +1 robe of Dishonour {rC+ Int+2}
  1001 | D:2      | Reached XP level 4. HP: 24/28 MP: 4/4
  1042 | D:2      | HP: 6/28 [adder zombie (3)]
  1044 | D:2      | HP: 1/28 [adder zombie (2)]
  1045 | D:2      | Slain by an adder zombie

Levels and vault maps discovered:
D:1:      minmay_arrival_open_corners, layout_loops_cross,
          shapermc_ecumenical_altar_ellora, serial_shops,
          nicolae_shop_hallway_stairs, minmay_heptomino_h4
D:2:      layout_rooms, serial_undead, serial_undead_a, serial_undead_e,
          serial_undead_f, serial_undead_a, serial_undead_b, serial_undead_b

Skill      XL: |  1  2  3 |
---------------+----------+-----
Ranged Weapons | 5 |  5.3
Fighting       | 3 |  3.0
Dodging        | |  1.5
Stealth        | |  1.1

Action                     |  1- 3 |  4- 6 || total
---------------------------+-------+-------++-------
   Fire: Shortbow          |   105 |    31 ||   136
    Use: Scroll            |     4 |       ||     4
 Armour: Leather armour    |    33 |    33 ||    66
  Dodge: Dodged            |    27 |    12 ||    39

Table legend:
 A = Non-vault XP
 B = Vault XP
 C = Vault XP percentage of total XP
 D = Non-vault monster count
 E = Vault monster count
 F = Vault count percentage of total count
                 A         B        C        D         E       F
            +---------+---------+-------+---------+---------+-------
      Total |      78 |      27 |  25.7 |      32 |       9 |  22.0
            +---------+---------+-------+---------+---------+-------
        D:1 |      42 |       7 |  14.3 |      25 |       4 |  13.8
        D:2 |      36 |      20 |  35.7 |       7 |       5 |  41.7
            +---------+---------+-------+---------+---------+-------
